 Dungeon Crawl Stone Soup version 0.19.4 (webtiles) character file.

10593 Optimism the Cleaver (level 11, -1/148 HPs)
             Began as a Minotaur Berserker on Feb 1, 2017.
             Was a High Priest of Trog.
             Slain by an 11-headed hydra (13 damage)
             ... on level 1 of the Lair of Beasts.
             The game lasted 00:27:55 (8428 turns).

Optimism the Cleaver (Minotaur Berserker)           Turns: 8428, Time: 00:27:55

Health: -1/148     AC: 13    Str: 30    XL:     11   Next: 38%
Magic:  10/10      EV: 11    Int:  4    God:    Trog [*****.]
Gold:   618        SH:  0    Dex: 10    Spells: 0 memorised, 10 levels left

rFire  + . .     SeeInvis .     N - +3 broad axe (elec)
rCold  . . .     Gourm    .     u - +3 scale mail {rF+}
rNeg   . . .     Faith    +     (no shield)
rPois  .         Spirit   .     (helmet restricted)
rElec  .         Reflect  .     (no cloak)
rCorr  .         Harm     .     (no gloves)
MR     +....                    K - +0 pair of boots
Stlth  ..........               t - amulet of faith
                                I - ring of protection from magic
                                E - ring of stealth

@: berserking, very quick
A: retaliatory headbutt, horns 2
a: Berserk, Trog's Hand, Brothers in Arms, Burn Spellbooks, Renounce Religion


You were on level 1 of the Lair of Beasts.
You worshipped Trog.
Trog was extremely pleased with you.
You were not hungry.

You visited 2 branches of the dungeon, and saw 12 of its levels.

You collected 618 gold pieces.

Inventory:

Hand Weapons
 a - a +0 hand axe
 k - a +0 battleaxe
 N - a +3 broad axe of electrocution (weapon)
Armour
 b - a +0 animal skin
 e - a +0 scale mail
 m - a +0 chain mail
 u - a +3 scale mail of fire resistance (worn)
 y - the +1 leather armour of Weirdness {Str+5}
   (You found it on level 5 of the Dungeon)

   It affects your strength (+5).
 K - a +0 pair of boots (worn)
Jewellery
 t - an amulet of faith (around neck)
 B - an uncursed amulet of the gourmand
 E - a ring of stealth (left hand)
 I - a ring of protection from magic (right hand)
Wands
 D - a wand of iceblast (9/15)
 F - a wand of confusion (18/48)
 G - a wand of enslavement (17/24)
 M - a wand of paralysis (9/24)
 R - a wand of flame (33/48)
 S - a wand of disintegration (5/24)
Scrolls
 f - 2 scrolls of remove curse
 g - 2 scrolls of recharging {unknown}
 i - 2 scrolls of enchant armour {unknown}
 l - a scroll of fog {unknown}
 o - 3 scrolls of noise {unknown}
 q - 8 scrolls of identify {unknown}
 s - 3 scrolls of fear {unknown}
 w - 3 scrolls of amnesia {unknown}
 A - 4 scrolls of teleportation {unknown}
 H - a scroll of enchant weapon {unknown}
 J - a scroll of holy word {unknown}
 Q - a scroll of vulnerability {unknown}
Potions
 d - 3 potions of brilliance {unknown}
 j - 4 potions of curing {unknown}
 n - a potion of beneficial mutation {unknown}
 p - 2 potions of heal wounds {unknown}
 r - a potion of cancellation {unknown}
 v - 2 potions of ambrosia {unknown}
 C - a potion of haste {unknown}
 L - 3 potions of invisibility {unknown}
 P - a potion of flight {unknown}
Comestibles
 c - 5 bread rations
 h - 5 meat rations
 x - 10 beef jerkies
 z - 6 fruits
 O - 11 chunks of flesh


   Skills:
 + Level 10.1 Fighting
 + Level 14.5 Axes
 * Level 12.2 Armour
 - Level 2.3 Dodging
 + Level 1.4 Stealth


You had 10 spell levels left.
You didn't know any spells.

Dungeon Overview and Level Annotations

Branches:
Dungeon (11/15)            Temple (0/1) D:5            Lair (1/6) D:11
    Orc (0/2) D:9

Altars:
Cheibriados
Fedhas
Hepliaklqana
Ru
Sif Muna
Xom

Portals:
Bazaar: D:11


Innate Abilities, Weirdness & Mutations

You reflexively headbutt those who attack you in melee.
You have a pair of horns on your head.


Message History

The 11-headed hydra bites you. The 11-headed hydra closely misses you.
The 11-headed hydra bites you but does no damage.
The 11-headed hydra bites you.
The 11-headed hydra bites you but does no damage. x2
The 11-headed hydra bites you.
* * * LOW HITPOINT WARNING * * *
A red film seems to cover your vision as you go berserk!
You feel yourself moving faster!
You feel mighty!
You feel a lot more hungry. The 11-headed hydra bites you.
* * * LOW HITPOINT WARNING * * *
The 11-headed hydra bites you!
* * * LOW HITPOINT WARNING * * *
The 11-headed hydra barely misses you. The 11-headed hydra bites you!
* * * LOW HITPOINT WARNING * * *
The 11-headed hydra bites you!
* * * LOW HITPOINT WARNING * * *
The 11-headed hydra barely misses you.
The 11-headed hydra closely misses you. x2
The 11-headed hydra bites you but does no damage.
The 11-headed hydra bites you!
You die...

.... .....
.....
#.....
###......
#........
###<..#
###....#.#
#..(.@..#
#......D.##
.........#
###......#
#......#
#......#
........
.........


You could see a 11-headed hydra.

Vanquished Creatures
  Snorg (D:11)
  Josephine (D:10)
  Pikel (D:5)
  2 hill giants
  An elephant (D:11)
  A centaur zombie (D:10)
  Maurice (D:10)
  A troll (D:10)
  A two-headed ogre (D:10)
  Prince Ribbit (D:6)
  4 hippogriffs
  A wyvern (D:9)
  3 wraiths (D:10)
  The ghost of Minion the Covert, an amateur OpAs of Ru (D:3)
  A water moccasin (D:10)
  A sky beast (D:5)
  5 ice beasts
  An orc warrior (D:8)
  A black bear (D:9)
  7 ogres
  A centaur (D:10)
  3 phantoms
  3 big kobolds
  3 bullfrogs
  2 scorpions
  A wyvern skeleton (D:8)
  13 killer bees
  2 crimson imps
  4 howler monkeys
  4 bullfrog zombies
  6 hounds
  2 centaur skeletons
  3 orc priests
  A bullfrog skeleton (D:6)
  2 jellies
  Terence (D:3)
  8 iguanas
  5 orc wizards
  2 worker ants
  3 hound zombies
  3 worker ant zombies
  13 adders
  2 shadow imps
  An adder zombie (D:8)
  2 adder skeletons
  2 worms (D:4)
  2 dart slugs
  5 leopard geckos
  24 orcs
  5 bats
  5 giant cockroaches
  7 goblins
  A hobgoblin (D:2)
  11 jackals
  3 quokkas
  2 frilled lizards
  26 kobolds
  A leopard gecko skeleton (D:4)
  A quokka skeleton (D:4)
  8 rats
  2 bushes (D:1)
  2 plants (D:1)
233 creatures vanquished.

Notes
Turn   | Place    | Note
-------+----------+-------------------------------------------
     0 | D:1      | Optimism the Minotaur Berserker began the quest for the Orb.
     0 | D:1      | Reached XP level 1. HP: 19/19 MP: 0/0
   226 | D:1      | Reached XP level 2. HP: 23/27 MP: 1/1
   837 | D:2      | Reached skill level 4 in Axes
   975 | D:2      | Reached XP level 3. HP: 19/33 MP: 2/2
  1032 | D:2      | Found a blossoming altar of Fedhas.
  1240 | D:2      | Reached ** piety under Trog
  1467 | D:3      | Reached XP level 4. HP: 39/41 MP: 3/3
  1645 | D:3      | Noticed Terence
  1662 | D:3      | Killed Terence
  1662 | D:3      | Reached skill level 5 in Axes
  1662 | D:3      | Reached XP level 5. HP: 43/47 MP: 4/4
  1796 | D:3      | Noticed Minion's ghost (amateur OpAs)
  1803 | D:3      | Killed Minion's ghost
  1930 | D:4      | Found a deep blue altar of Sif Muna.
  1960 | D:4      | Reached XP level 6. HP: 52/55 MP: 5/5
  2055 | D:4      | Reached skill level 5 in Fighting
  2243 | D:4      | Reached *** piety under Trog
  2243 | D:4      | Reached skill level 5 in Armour
  2319 | D:4      | Reached skill level 6 in Axes
  2531 | D:5      | Entered Level 5 of the Dungeon
  2603 | D:5      | Noticed a sky beast
  2636 | D:5      | Killed a sky beast
  2890 | D:5      | Noticed an ice beast
  2905 | D:5      | Killed an ice beast
  2905 | D:5      | Reached XP level 7. HP: 46/61 MP: 6/6
  2907 | D:5      | Got a smoking leather armour
  2918 | D:5      | Identified the +1 leather armour of Weirdness {Str+5} (You found it on level 5 of the Dungeon)
  3013 | D:5      | Reached skill level 7 in Axes
  3090 | D:5      | Found a staircase to the Ecumenical Temple.
  3100 | D:5      | Found a shimmering altar of Xom.
  3236 | D:5      | Noticed Pikel
  3266 | D:5      | Killed Pikel
  3266 | D:5      | Reached XP level 8. HP: 22/70 MP: 7/7
  3718 | D:6      | Reached skill level 8 in Axes
  3805 | D:6      | Noticed Prince Ribbit
  3810 | D:6      | Killed Prince Ribbit
  4248 | D:6      | Reached skill level 9 in Axes
  4832 | D:7      | Reached XP level 9. HP: 64/79 MP: 8/8
  4839 | D:7      | Reached **** piety under Trog
  4870 | D:7      | Found a snail-covered altar of Cheibriados.
  5039 | D:7      | Found a hazy altar of Hepliaklqana.
  5135 | D:7      | Reached skill level 10 in Armour
  5166 | D:7      | Found a sacrificial altar of Ru.
  5300 | D:8      | Reached skill level 10 in Axes
  5701 | D:8      | Reached skill level 11 in Axes
  5755 | D:8      | Reached ***** piety under Trog
  6030 | D:9      | Reached XP level 10. HP: 77/89 MP: 9/9
  6315 | D:9      | Found a staircase to the Orcish Mines.
  6326 | D:9      | Reached skill level 1 in Stealth
  6383 | D:9      | Found a blossoming altar of Fedhas.
  6687 | D:9      | Reached skill level 12 in Axes
  6905 | D:9      | Received a gift from Trog
  6949 | D:10     | Entered Level 10 of the Dungeon
  6954 | D:10     | Noticed Josephine
  6968 | D:10     | Killed Josephine
  6968 | D:10     | Reached skill level 13 in Axes
  7261 | D:10     | Noticed a hill giant
  7270 | D:10     | Killed a hill giant
  7270 | D:10     | Reached XP level 11. HP: 58/97 MP: 10/10
  7419 | D:10     | Noticed Maurice
  7425 | D:10     | Killed Maurice
  7770 | D:10     | Reached skill level 14 in Axes
  7922 | D:11     | Noticed a hill giant
  7929 | D:11     | Killed a hill giant
  8110 | D:11     | Found a flickering gateway to a bazaar.
  8112 | D:11     | Noticed Snorg
  8123 | D:11     | Killed Snorg
  8123 | D:11     | Reached skill level 10 in Fighting
  8399 | D:11     | Found a staircase to the Lair.
  8422 | Lair:1   | Entered Level 1 of the Lair of Beasts
  8422 | Lair:1   | Noticed an eight-headed hydra
  8428 | Lair:1   | Slain by an 11-headed hydra

Skill      XL: |  1  2  3  4  5  6  7  8  9 10 11 |
---------------+----------------------------------+-----
Fighting       | 4 5 6 7 8 9 10 | 10.1
Axes           | 4 5 6 7 9 11 13 14 | 14.5
Armour         | 3 4 6 7 9 10 11 12 | 12.2
Stealth        | 1 |  1.4
Dodging        | |  2.3

Action                   |  1- 3 |  4- 6 |  7- 9 | 10-12 || total
-------------------------+-------+-------+-------+-------++-------
Melee: Hand axe          |   277 |   142 |    50 |       ||   469
       Headbutt          |    96 |    27 |    53 |    33 ||   209
       Battleaxe         |       |       |   196 |    71 ||   267
       Broad axe         |       |       |       |    96 ||    96
Invok: Burn Spellbooks   |       |     1 |       |       ||     1
       Berserk           |       |     1 |     4 |     3 ||     8
  Use: Scroll            |       |       |     1 |       ||     1
 Stab: Distracted        |       |       |     1 |       ||     1
  Eat: Chunk             |     2 |     6 |     8 |     1 ||    17
       Bread ration      |       |       |     1 |     2 ||     3
       Beef jerky        |       |       |       |     1 ||     1
Armor: Scale mail        |    14 |    32 |    63 |    91 ||   200
       Chain mail        |    35 |    35 |    92 |       ||   162
Dodge: Dodged            |    53 |    58 |   136 |   125 ||   372
